Map: Acid Plant LE

Players

fruitcake

  • Race: Terran Terran
  • Spawn Location: 11:00

A.I. 1 (Very Hard) - Winner!

  • Race: Zerg Zerg
  • Spawn Location: 5:00

VOD

Have the link to the VOD?

Description

Time

  • Played on: May 6, 2018, 6:34 a.m.
  • Length: 14:00
Show
View Real Time Build Order
Export as new Build Order

fruitcake Terran 

Build Orders: Bio Tank 

Get SALT Encoding   

  12  0:00  SCV  
  13  0:15  Supply Depot  
  13  0:18  SCV  
  14  0:30  SCV, Refinery  
  15  0:48  Barracks  
  15  0:50  SCV  
  16  1:02  SCV  
  17  1:13  Refinery  
  17  1:14  SCV  
  18  1:27  Barracks  
  18  1:34  SCV  
  18  1:39  Marine, Supply Depot  
  20  1:46  SCV  
  21  2:06  Barracks Reactor  
  21  2:20  Barracks Tech Lab  
  21  2:29  Factory  
  21  2:49  Marauder  
  21  2:50  Marine x2  
  25  2:54  Command Center  
  26  2:58  SCV  
  26  3:02  Stimpack  
  26  3:10  SCV  
  27  3:17  Factory Reactor  
  27  3:18  Factory Tech Lab  
  29  3:20  Marine, Marauder  
  30  3:32  Orbital Command  
  30  3:38  Engineering Bay  
  30  3:58  Supply Depot  
  30  4:04  Siege Tank  
  30  4:07  SCV x2  
  35  4:15  Supply Depot  
  35  4:25  SCV  
  35  4:26  SCV  
  35  4:30  Marine x2  
  39  4:42  Starport  
  39  4:47  Marine  
  39  4:48  Marine  
  39  4:51  SCV  
  39  4:52  SCV  
  43  5:00  Terran Infantry Weapons Level 1  
  43  5:07  Siege Tank  
  43  5:09  Concussive Shells  
  43  5:12  SCV  
  47  5:15  SCV  
  48  5:22  Marine  
  48  5:23  Marauder  
  51  5:36  Sensor Tower  
  51  5:41  SCV x2, Refinery  
  53  5:47  Siege Tank  
  53  5:49  Marine x2  
  58  5:53  SCV, Starport Reactor  
  58  5:55  Combat Shields  
  59  6:01  Marauder  
  61  6:07  Refinery  
  61  6:14  SCV x2  
  61  6:17  Marine x2  
  65  6:22  Siege Tank, Marauder  
  70  6:33  Supply Depot  
  70  6:53  Supply Depot  
  70  6:54  Marine, SCV x2, Medivac x2  
  70  6:57  Supply Depot x2  
  70  6:59  Marine  
  78  7:15  Marine, SCV x2, Marauder  
  83  7:17  Marine  
  83  7:19  Siege Tank  
  87  7:24  Medivac  
  87  7:26  Terran Infantry Armor Level 1  
  87  7:27  SCV x2  
  91  7:33  Marine  
  91  7:34  Marine  
  95  7:37  Marauder  
  95  7:39  SCV x2  
  97  7:50  Marine  
  97  7:51  Siege Tank  
  101  7:52  Factory  
  101  8:05  Supply Depot  
  101  8:07  Supply Depot  
  101  8:10  Orbital Command  
  101  8:27  Medivac, Marauder  
  105  8:47  Marine x2  
  107  8:48  Siege Tank  
  107  8:49  Marauder  
  107  8:50  Factory Tech Lab  
  112  9:05  Marine x2  
  114  9:10  Marauder  
  114  9:12  Unknown  
  90  9:18  Unknown  
  90  9:20  Siege Tank  
  90  9:23  Marine x2  
  57  9:31  Marauder  
  57  9:40  Marine  
  57  9:41  Marine  
  59  9:53  Siege Tank, Marauder  
  59  9:57  Orbital Command  
  59  9:58  Marine x2  
  66  10:13  Siege Tank  
  70  10:14  Marauder  
  70  10:16  Marine x2  
  70  10:29  Unknown  
  70  10:34  Marine  
  70  10:38  Unknown  
  70  11:10  Orbital Command  
  70  11:23  Supply Depot  
  70  11:26  Supply Depot  
  70  11:44  Marine, Siege Tank, Medivac x2  
  70  11:46  Supply Depot  
  78  11:47  Marine  
  78  11:48  Siege Tank, Marauder  
  78  11:49  Supply Depot  
  84  11:57  Refinery  
  84  12:02  Marine  
  84  12:05  Marine  
  84  12:08  Barracks  
  86  12:09  Marauder  
  86  12:14  Medivac x2  
  92  12:16  Siege Tank  
  92  12:20  Marine, Siege Tank  
  99  12:23  Marine, Refinery  
  100  12:31  Marauder  
  100  12:36  Command Center  
  102  12:46  Supply Depot  
  102  12:49  Supply Depot  
  102  12:55  Barracks  
  102  13:01  Marine x2, Medivac x2, Marauder  
  110  13:07  Armory  
  110  13:10  Barracks Reactor, Supply Depot  
  110  13:12  Supply Depot  
  110  13:14  Siege Tank  
  110  13:15  Siege Tank  
  110  13:18  Marine x2  
  118  13:22  Marauder  
  120  13:36  Marine x2  
  122  13:42  SCV  
  122  13:43  SCV  
Show
View Real Time Build Order
Export as new Build Order

A.I. 1 (Very Hard) Zerg - Winner!

Build Orders: Hatch First 

Get SALT Encoding   

  12  0:00  Drone  
  13  0:12  Overlord  
  13  0:17  Drone  
  14  0:30  Drone x2  
  14  0:34  Drone  
  17  0:53  Hatchery  
  17  0:56  Drone  
  17  1:12  Spawning Pool  
  17  1:14  Drone  
  17  1:18  Extractor  
  16  1:20  Drone  
  16  1:24  Drone  
  18  1:27  Drone  
  19  1:38  Overlord  
  19  1:49  Drone  
  20  1:59  Zergling x2  
  21  2:02  Queen  
  21  2:05  Drone  
  24  2:16  Queen  
  24  2:19  Drone  
  27  2:32  Roach Warren  
  27  2:34  Extractor  
  27  2:35  Drone  
  26  2:39  Drone  
  27  2:45  Overlord  
  27  2:49  Drone  
  29  2:51  Drone  
  29  2:55  Drone  
  29  2:58  Drone  
  31  3:01  Drone  
  31  3:04  Zergling x2  
  33  3:09  Zergling x2  
  33  3:12  Roach  
  36  3:17  Roach  
  38  3:21  Roach  
  38  3:24  Roach  
  38  3:26  Drone  
  43  3:29  Drone  
  44  3:35  Overlord  
  44  3:42  Lair  
  44  3:46  Metabolic Boost  
  44  3:53  Drone x2  
  46  3:56  Drone  
  46  3:58  Drone  
  46  4:00  Drone  
  46  4:02  Drone  
  50  4:05  Drone  
  50  4:09  Overlord  
  51  4:11  Drone  
  52  4:17  Drone, Evolution Chamber  
  52  4:22  Drone, Evolution Chamber  
  52  4:27  Drone x2  
  54  4:32  Drone  
  54  4:34  Drone  
  54  4:35  Drone  
  54  4:37  Drone  
  58  4:42  Infestation Pit, Drone  
  58  4:44  Zerg Missile Weapons Level 1  
  58  4:48  Zerg Ground Armor Level 1  
  58  4:50  Overlord  
  58  4:54  Overlord  
  58  4:56  Drone  
  58  4:57  Zergling x2  
  60  5:08  Roach, Drone  
  60  5:10  Roach  
  60  5:11  Drone, Hydralisk Den  
  60  5:12  Drone  
  66  5:15  Overlord  
  66  5:17  Drone  
  67  5:24  Drone, Extractor  
  67  5:28  Infestor  
  69  5:29  Extractor  
  69  5:30  Drone  
  69  5:33  Roach  
  71  5:38  Roach, Overlord  
  71  5:40  Hydralisk  
  75  5:47  Drone x3, Hydralisk  
  80  5:51  Roach, Drone  
  80  5:53  Drone  
  80  5:56  Drone  
  85  6:01  Overlord  
  85  6:02  Roach  
  87  6:08  Drone, Spine Crawler, Infestor  
  87  6:10  Drone, Spine Crawler  
  89  6:15  Ravager  
  89  6:17  Roach  
  92  6:20  Overlord  
  92  6:24  Ravager  
  93  6:26  Roach  
  93  6:30  Hydralisk  
  97  6:34  Hydralisk  
  97  6:39  Overlord  
  99  6:49  Spore Crawler, Infestor  
  99  6:50  Spore Crawler  
  99  7:03  Infestor  
  99  7:06  Roach, Overlord  
  99  7:08  Roach  
  105  7:10  Drone, Hatchery  
  105  7:15  Roach, Overseer  
  107  7:19  Hydralisk  
  109  7:23  Hydralisk  
  109  7:25  Overlord  
  111  7:39  Lurker Den  
  110  7:44  Spine Crawler  
  109  7:54  Ravager  
  109  7:56  Roach  
  112  8:03  Ravager  
  113  8:06  Roach  
  113  8:07  Overlord  
  113  8:08  Roach  
  113  8:11  Roach  
  119  8:14  Queen  
  119  8:19  Queen  
  123  8:21  Spine Crawler  
  123  8:22  Drone x4  
  123  8:23  Drone x4  
  123  8:24  Drone x5  
  123  8:25  Drone  
  123  8:26  Overlord  
  123  8:27  Drone x2  
  137  8:30  Extractor  
  137  8:32  Drone x2  
  139  8:35  Hatchery  
  139  8:36  Drone  
  139  8:39  Extractor  
  139  8:40  Zergling x6  
  140  8:42  Baneling Nest  
  140  8:43  Zergling x2  
  140  8:44  Drone  
  140  8:47  Overlord  
  141  8:52  Hive  
  141  8:54  Drone  
  141  8:55  Drone  
  143  8:58  Zergling x4, Drone, Evolution Chamber, Zerg Melee Weapons Level 1  
  143  8:59  Drone  
  146  9:04  Drone  
  146  9:05  Drone  
  146  9:09  Zerg Missile Weapons Level 2, Overlord  
  145  9:11  Zergling x2  
  145  9:12  Zergling x4  
  145  9:15  Zergling x2  
  121  9:17  Roach  
  121  9:20  Roach  
  108  9:26  Roach, Drone, Baneling, Hydralisk  
  108  9:27  Roach  
  108  9:28  Roach  
  117  9:32  Roach  
  117  9:37  Roach  
  121  9:39  Roach  
  121  9:40  Roach, Hydralisk, Infestor  
  121  9:42  Hydralisk  
  131  9:51  Infestor  
  133  10:00  Lurker, Infestor  
  133  10:03  Hydralisk  
  133  10:05  Hydralisk  
  133  10:06  Roach x2  
  133  10:07  Hydralisk  
  140  10:10  Hydralisk  
  143  10:16  Roach  
  143  10:18  Roach  
  143  10:19  Lurker, Zergling x2  
  143  10:20  Hydralisk  
  150  10:23  Zergling x2  
  150  10:25  Zergling x6  
  150  10:26  Zergling x2  
  150  10:27  Zergling x2  
  150  10:28  Roach, Zergling x2  
  145  10:33  Spine Crawler  
  145  10:34  Ravager  
  145  10:35  Ravager, Spine Crawler  
  141  10:40  Infestor  
  141  10:41  Zergling x2, Baneling x2  
  146  10:42  Roach  
  146  10:46  Baneling  
  146  10:47  Overseer  
  146  10:52  Roach, Overlord  
  146  10:53  Roach, Ravager  
  151  10:58  Ravager  
  151  10:59  Roach  
  151  11:01  Roach  
  156  11:05  Spine Crawler  
  156  11:06  Spore Crawler  
  156  11:08  Spine Crawler  
  153  11:13  Spore Crawler, Viper  
  153  11:14  Spore Crawler, Overlord  
  153  11:15  Spore Crawler  
  153  11:25  Viper  
  156  11:35  Zerg Melee Weapons Level 2  
  156  11:46  Spine Crawler  
  155  11:55  Hatchery  
  154  12:17  Ultralisk Cavern  
  154  12:22  Spine Crawler  
  152  12:24  Spore Crawler  
  152  12:26  Spine Crawler  
  152  12:27  Drone  
  151  12:35  Infestor  
  153  12:39  Spore Crawler  
  153  12:41  Spore Crawler  
  153  12:43  Drone  
  152  12:44  Infestor  
  154  13:04  Overseer, Ultralisk x2, Spine Crawler, Overlord  
  165  13:07  Drone x2, Queen  
  165  13:08  Drone x3  
  165  13:09  Overseer, Drone x4  
  165  13:10  Drone x4  
  165  13:11  Drone x4  
  165  13:12  Drone x3  
  187  13:18  Extractor  
  187  13:19  Drone  
  187  13:20  Extractor  
  187  13:22  Drone  
  187  13:24  Overlord  
  193  13:44  Spore Crawler  
  193  13:45  Drone  
  193  13:46  Unknown  
Tags
 
Composition
Bio Tank
Matchup
TvZ
Spawn Locations
Cross Positions
Add a new tag
Caveats
  • Supply blocks, unpowered buildings, or Contaminate may cause inaccurate times.
  • Supply counts are checked every 10 seconds.